 Dungeon Crawl Stone Soup version 0.29-a0-1030-gf5f8719cae (webtiles) character file.

Game seed: 215182922385697443

9 Ajdolov the Slasher (level 2, -2/23 HPs)
             Began as a Vampire Monk on Aug 14, 2022.
             Slain by a kobold
             ... wielding a +2 dagger of speed
              (4 damage)
             ... on level 1 of the Dungeon.
             The game lasted 00:00:25 (182 turns).

Ajdolov the Slasher (Vampire Monk)                   Turns: 182, Time: 00:00:26

Health: -2/23      AC:  0    Str: 10    XL:     2   Next: 6%
Magic:  2/2        EV: 13    Int: 12    God:
Gold:   28         SH:  0    Dex: 16    Spells: 1/1 levels left

rFire   . . .      SeeInvis +   a - +0 falchion
rCold   . . .      Faith    .   (no shield)
rNeg    . . .      Spirit   .   (no body armour)
rPois   .          Reflect  .   (no helmet)
rElec   .          Harm     .   (no cloak)
rCorr   .          Rampage  .   (no gloves)
Will    .....                   (no boots)
Stlth   ++........              (no amulet)
HPRegen 0.27/turn               (no ring)
MPRegen 0.08/turn               (no ring)

@: healing quickly
A: alive, fangs 3, see invisible, vampiric 1
a: Exsanguinate


You were on level 1 of the Dungeon.
You visited 1 branch of the dungeon, and saw 1 of its levels.

You collected 28 gold pieces.

Inventory:

Hand Weapons
 a - a +0 falchion (weapon)
Scrolls
 b - a scroll of enchant weapon {unknown}
 d - a scroll of fog {unknown}
Potions
 c - a potion of curing {unknown}
 e - a potion of might {unknown}
 f - a potion of heal wounds {unknown}


   Skills:
 - Level 2.6 Fighting
 * Level 3.6 Long Blades
 - Level 3.2 Dodging
 - Level 3.0 Stealth


You had one spell level left.
You didn't know any spells.
Your spell library was empty.

Dungeon Overview and Level Annotations

Branches:
Dungeon (1/15)

Altars:


Innate Abilities, Weirdness & Mutations

Your natural rate of healing is accelerated.
You have razor-sharp teeth.
You have supernaturally acute eyesight. (SInv)
You are afflicted with vampirism.


Message History

No target in view!
An endoplasm comes into view.
Found a black potion and a book of Spectacle.
An endoplasm is nearby!
The endoplasm quivers.
A rat comes into view.
Found 6 poisoned darts.
Found 9 gold pieces.
You slash the endoplasm!
You kill the endoplasm!
You have reached level 2!
You barely miss the rat. The rat closely misses you.
You hit the rat.
You kill the rat!
No target in view!
f - a black potion A kobold comes into view.
It is wielding a +2 dagger of speed.
You see here a book of Spectacle.
A kobold is nearby!
The kobold shouts!
The kobold throws a stone.
The stone misses you. The kobold barely misses you.
The kobold closely misses you.
You barely miss the kobold. The kobold misses you.
You miss the kobold. The kobold closely misses you. x2
You barely miss the kobold.
The kobold hits you with a +2 dagger of speed.
You closely miss the kobold.
The kobold hits you with a +2 dagger of speed. x2
You hit the kobold.
The kobold is moderately wounded.
The kobold hits you with a +2 dagger of speed.
* * * LOW HITPOINT WARNING * * *
The kobold hits you with a +2 dagger of speed.
* * * LOW HITPOINT WARNING * * *
You hit the kobold but do no damage.
The kobold is moderately wounded.
The kobold hits you with a +2 dagger of speed.
* * * LOW HITPOINT WARNING * * *
The kobold hits you with a +2 dagger of speed.
You die...

....# # ....# ..##
....#########..#####
.......##...(......##
....##..............##
....###..............#
....# #..............#
##### #..............#
#.........@K...#
#........$.....#
##...:........##
##..........##
############


You could see a kobold.

Vanquished Creatures
  An endoplasm (D:1)
  A giant cockroach (D:1)
  3 goblins (D:1)
  A frilled lizard (D:1)
  A kobold (D:1)
  2 rats (D:1)
9 creatures vanquished.

Notes
Turn   | Place    | Note
-------+----------+-------------------------------------------
     0 | D:1      | Ajdolov the Vampire Monk began the quest for the Orb.
     0 | D:1      | Reached XP level 1. HP: 17/17 MP: 1/1
   162 | D:1      | Reached XP level 2. HP: 23/23 MP: 2/2
   182 | D:1      | Slain by a kobold

Illustrated notes

Levels and vault maps discovered:
D:1:      minmay_arrival_diagonal_passages, layout_rooms, minmay_hexomino_p4

Action                   || total
-------------------------++-------
Melee: Falchion          ||    25
       Bite              ||     3
 Stab: Sleeping          ||     1
Dodge: Dodged            ||    19

Table legend: (Time is in decaauts)
 A = Elapsed time spent in this place.
 B = Non-inter-level travel time spent in this place.
 C = Inter-level travel time spent in this place.
 D = Time resting spent in this place.
 E = Time spent auto-exploring this place.
 F = Levels seen in this place.
 G = Mean time per level.
                   A        B        C        D        E       F      G
               +--------+--------+--------+--------+--------+-----+--------+
         Total |    185 |    185 |      0 |      0 |    115 |   1 |  185.0 |
       Dungeon |    185 |    185 |      0 |      0 |    115 |   1 |  185.0 |
               +--------+--------+--------+--------+--------+-----+--------+

Top non-repeatable levels by time:
     D:1: 185 daAuts
